 Dungeon Crawl Stone Soup version 0.31-a0-854-g362426d53f (webtiles) character file.

Game seed: 1043424627336976192

119 croobank the Covert (level 5, 0/47 HPs)
             Began as a Gnoll Delver on Oct 8, 2023.
             Slain by a river rat (9 damage)
             ... in a sewer.
             The game lasted 00:04:02 (930 turns).

croobank the Covert (Gnoll Delver)                   Turns: 930, Time: 00:04:02

Health: 0/47       AC:  3    Str: 12    XL:     5   Next: 3%
Magic:  7/7        EV: 13    Int: 11    God:
Gold:   32         SH:  0    Dex: 13    Spells: 6/6 levels left

rFire   . . .        a - +0 short sword
rCold   . . .        (no shield)
rNeg    . . .        b - +0 leather armour
rPois   .            (no helmet)
rElec   .            (no cloak)
rCorr   .            (no gloves)
SInv    .            (no boots)
Will    .....        (no amulet)
Stlth   ++++         (no ring)
HPRegen 0.27/turn    (no ring)
MPRegen 0.10/turn

%: no passive effects
@: no status effects
A: fangs 1, strong nose, distributed training
a: no special abilities


You were in a sewer.
You visited 1 branch of the dungeon, and saw 2 of its levels.
You also visited: Sewer.

You collected 32 gold pieces.

Inventory:

Hand Weapons
 a - a +0 short sword (weapon)
Armour
 b - a +0 leather armour (worn)
Jewellery
 h - a ring of ice
Wands
 g - a wand of digging (3)
Scrolls
 c - a scroll of fog
 d - a scroll of revelation


   Skills:
 + Level 6.6 Fighting
 + Level 4.7 Short Blades
 + Level 1.3 Long Blades
 + Level 1.3 Axes
 + Level 1.3 Maces & Flails
 + Level 1.3 Polearms
 + Level 1.3 Staves
 + Level 1.3 Ranged Weapons
 + Level 1.3 Throwing
 + Level 1.3 Armour
 + Level 4.7 Dodging
 + Level 9.6 Stealth
 + Level 1.3 Shields
 + Level 1.3 Unarmed Combat
 + Level 1.3 Spellcasting
 + Level 1.1 Conjurations
 + Level 1.1 Hexes
 + Level 1.1 Summonings
 + Level 1.1 Necromancy
 + Level 1.1 Translocations
 + Level 1.1 Transmutations
 + Level 1.1 Fire Magic
 + Level 1.1 Ice Magic
 + Level 1.1 Air Magic
 + Level 1.1 Earth Magic
 + Level 1.1 Poison Magic
 + Level 1.5 Invocations
 + Level 1.3 Evocations
 + Level 1.2 Shapeshifting


You had 6 spell levels left.
You didn't know any spells.
Your spell library was empty.

Dungeon Overview and Level Annotations

Branches:
Dungeon (6/15)              Sewer (1/1)
 Temple: D:4-7

Altars:


Innate Abilities, Weirdness & Mutations

You have very sharp teeth.
Your uncanny sense of smell can sniff out nearby items.
Your experience applies equally to all skills.


Message History

The river rat is lightly wounded.
The river rat bites you!
You hit the river rat but do no damage.
The river rat is lightly wounded.
The river rat bites you.
You barely miss the river rat.
The river rat is lightly wounded.
You barely miss the river rat.
You bite the river rat, but do no damage.
The river rat is lightly wounded.
You closely miss the river rat.
The river rat is lightly wounded.
The river rat closely misses you.
You barely miss the river rat.
The river rat is lightly wounded.
The river rat bites you but does no damage.
The river rat bites you!
You hit the river rat but do no damage. Your bite misses the river rat.
The river rat is lightly wounded.
The river rat attacks as it pursues you!
The river rat misses you. x2
The river rat attacks as it pursues you!
The river rat bites you!
The river rat attacks as it pursues you!
The river rat bites you!
You are too injured to fight recklessly!
You hit the river rat.
The river rat is heavily wounded.
The river rat bites you but does no damage.
You hit the river rat but do no damage.
The river rat is heavily wounded.
The river rat barely misses you. The river rat bites you.
* * * LOW HITPOINT WARNING * * *
Your library has no spells.
You don't know any spells.
Unknown command.
You hit the river rat.
The river rat is heavily wounded.
The river rat bites you!
You die...

##### ######...######
##.....÷.......##
##.........†.....##
#.......#..@r...†.# ∆
∆
##......##+##r.....##
∆∆ #..÷.÷.##
∆∆##......# ##.....#
∆ ##.....# #~~~≈≈≈#
#~~~≈~≈# #≈≈÷≈≈≈#
#≈≈≈≈~≈# #≈~~~~≈#
#≈≈≈~~≈# #≈≈≈~~≈#
#≈≈≈~≈≈# #≈≈~÷#~#
#~~~≈~≈#


You could see 2 river rats.

Vanquished Creatures
  A bullfrog (D:6)
  An adder (Sewer)
  2 river rats (Sewer)
  2 giant cockroaches (D:5)
  3 quokkas (D:5)
  2 ball pythons (Sewer)
  A frilled lizard (Sewer)
  21 rats (Sewer)
33 creatures vanquished.

Notes
Turn   | Place    | Note
-------+----------+-------------------------------------------
     0 | D:5      | Reached skill level 9 in Stealth
     0 | D:5      | croobank the Gnoll Delver began the quest for the Orb.
     0 | D:5      | Reached XP level 1. HP: 23/23 MP: 1/1
    19 | D:5      | Found a glowing drain.
    40 | D:6      | Noticed a bullfrog
    60 | D:6      | Killed a bullfrog
    61 | D:6      | Reached skill level 1 in Long Blades
    61 | D:6      | Reached skill level 1 in Axes
    61 | D:6      | Reached skill level 1 in Maces & Flails
    61 | D:6      | Reached skill level 1 in Polearms
    61 | D:6      | Reached skill level 1 in Staves
    61 | D:6      | Reached skill level 1 in Ranged Weapons
    61 | D:6      | Reached skill level 1 in Throwing
    61 | D:6      | Reached skill level 1 in Armour
    61 | D:6      | Reached skill level 1 in Shields
    61 | D:6      | Reached skill level 1 in Unarmed Combat
    61 | D:6      | Reached skill level 1 in Spellcasting
    61 | D:6      | Reached skill level 1 in Invocations
    61 | D:6      | Reached skill level 1 in Evocations
    61 | D:6      | Reached skill level 1 in Shapeshifting
    61 | D:6      | Reached XP level 2. HP: 7/29 MP: 1/3
    61 | D:6      | Reached XP level 3. HP: 9/35 MP: 1/4
    61 | D:6      | Reached XP level 4. HP: 10/41 MP: 1/5
   238 | Sewer    | Entered a sewer
   293 | Sewer    | Reached skill level 1 in Conjurations
   293 | Sewer    | Reached skill level 1 in Hexes
   293 | Sewer    | Reached skill level 1 in Summonings
   293 | Sewer    | Reached skill level 1 in Necromancy
   293 | Sewer    | Reached skill level 1 in Translocations
   293 | Sewer    | Reached skill level 1 in Transmutations
   293 | Sewer    | Reached skill level 1 in Fire Magic
   293 | Sewer    | Reached skill level 1 in Ice Magic
   293 | Sewer    | Reached skill level 1 in Air Magic
   293 | Sewer    | Reached skill level 1 in Earth Magic
   293 | Sewer    | Reached skill level 1 in Poison Magic
   900 | Sewer    | Reached XP level 5. HP: 47/47 MP: 5/7
   930 | Sewer    | Slain by a river rat

Illustrated notes

Levels and vault maps discovered:
D:5:      layout_rooms, portal_sewer_entry_f, uniq_ijyb
D:6:      layout_rooms, gammafunk_temple_overflow_forgotten
Sewer:    sewer_minmay_w

Skill      XL: |  1  2  3  4 |
---------------+-------------+-----
Stealth        | |  9.6
Long Blades    | 1 |  1.3
Axes           | 1 |  1.3
Maces & Flails | 1 |  1.3
Polearms       | 1 |  1.3
Staves         | 1 |  1.3
Ranged Weapons | 1 |  1.3
Throwing       | 1 |  1.3
Armour         | 1 |  1.3
Shields        | 1 |  1.3
Unarmed Combat | 1 |  1.3
Spellcasting   | 1 |  1.3
Invocations    | 1 |  1.5
Evocations     | 1 |  1.3
Shapeshifting  | 1 |  1.2
Conjurations   | 1 |  1.1
Hexes          | 1 |  1.1
Summonings     | 1 |  1.1
Necromancy     | 1 |  1.1
Translocations | 1 |  1.1
Transmutations | 1 |  1.1
Fire Magic     | 1 |  1.1
Ice Magic      | 1 |  1.1
Air Magic      | 1 |  1.1
Earth Magic    | 1 |  1.1
Poison Magic   | 1 |  1.1
Fighting       | |  6.6
Short Blades   | |  4.7
Dodging        | |  4.7

Action                     |  1- 3 |  4- 6 || total
---------------------------+-------+-------++-------
  Melee: Short sword       |    26 |   155 ||   181
         Bite              |     3 |    11 ||    14
         Punch             |       |     1 ||     1
    Use: Potion            |     1 |       ||     1
         Scroll            |       |     1 ||     1
   Stab: Sleeping          |       |     3 ||     3
         Distracted        |       |     1 ||     1
 Armour: Leather armour    |    12 |    79 ||    91
  Dodge: Dodged            |    16 |   113 ||   129

Table legend: (Time is in decaauts)
 A = Elapsed time spent in this place.
 B = Non-inter-level travel time spent in this place.
 C = Inter-level travel time spent in this place.
 D = Time resting spent in this place.
 E = Time spent auto-exploring this place.
 F = Levels seen in this place.
 G = Mean time per level.
                   A        B        C        D        E       F      G
               +--------+--------+--------+--------+--------+-----+--------+
         Total |    927 |    927 |      0 |    475 |     37 |   3 |  309.0 |
       Dungeon |    210 |    210 |      0 |    109 |      0 |   2 |  105.0 |
         Sewer |    717 |    717 |      0 |    365 |     37 |   1 |  717.0 |
               +--------+--------+--------+--------+--------+-----+--------+

Top non-repeatable levels by time:
   Sewer: 717 daAuts
     D:5: 150 daAuts
     D:6: 60 daAuts
